 Dungeon Crawl Stone Soup version 0.21.0-3-g78d12a8 (webtiles) character file.

14609 JeffiDaFish the Nimble (level 11, -2/101 HPs)
             Began as a Minotaur Fighter on Jan 17, 2018.
             Was the Champion of Okawaru.
             Slain by a komodo dragon (25 damage)
             ... on level 3 of the Lair of Beasts on Jan 18, 2018.
             The game lasted 00:22:08 (10031 turns).

JeffiDaFish the Nimble (Minotaur Fighter)          Turns: 10031, Time: 00:22:08

Health: -2/101     AC: 18    Str: 23 (24) XL:     11   Next: 91%
Magic:  13/13      EV: 15    Int:  8      God:    Okawaru [******]
Gold:   593        SH:  5    Dex: 11 (12) Spells: 10/10 levels left

rFire    . . .     SeeInvis .   r - +3 flail of Megalomania {vamp, MR+ Int+3}
rCold    . . .     Gourm    .   q - +0 buckler
rNeg     + . .     Faith    .   u - +1 pearl dragon scales
rPois    .         Spirit   .   k - +0 hat {MR+}
rElec    .         Reflect  .   c - +0 cloak
rCorr    .         Harm     .   t - +0 pair of gloves
MR       ++...                  (no boots)
Stlth    +.........             (no amulet)
HPRegen  0.26/turn              d - ring of stealth
MPRegen  0.13/turn              (no ring)

@: no status effects
A: retaliatory headbutt, horns 2, talons 1, deterioration 1, strong 1
a: Heroism, Finesse, Renounce Religion


You were on level 3 of the Lair of Beasts.
You worshipped Okawaru.
Okawaru was exalted by your worship.
You were not hungry.

You visited 2 branches of the dungeon, and saw 11 of its levels.
You also visited: Ossuary.

You collected 718 gold pieces.
You spent 125 gold pieces at shops.

Inventory:

Hand Weapons
 a - a +1 war axe
 j - a +0 flail of protection
 o - a +0 broad axe
 r - the +3 flail of Megalomania (weapon) {vamp, MR+ Int+3}
   (You found it on level 3 of the Lair of Beasts)

   It inflicts no extra harm, but heals its wielder when it wounds a living foe.
   It affects your intelligence (+3).
   It affects your resistance to hostile enchantments.
Armour
 c - a +0 cloak (worn)
 k - a +0 hat of magic resistance (worn)
 q - a +0 buckler (worn)
 t - a +0 pair of gloves (worn)
 u - +1 pearl dragon scales (worn)
Jewellery
 d - a ring of stealth (left hand)
Wands
 p - a wand of iceblast (14)
Scrolls
 e - 10 scrolls of identify
 h - 2 scrolls of amnesia
 i - 7 scrolls of remove curse
 m - a scroll of magic mapping
 n - 4 scrolls of teleportation
Potions
 g - 2 potions of agility
 l - 2 potions of curing
Comestibles
 b - 15 chunks of flesh
 f - 21 rations


   Skills:
 + Level 10.9 Fighting
 + Level 11.0 Axes
 + Level 10.9 Armour
 + Level 11.7 Dodging
 - Level 5.4 Shields
 + Level 4.0 Invocations


You had 10 spell levels left.
You didn't know any spells.

Dungeon Overview and Level Annotations

Branches:
Dungeon (8/15)             Temple (0/1) D:6            Lair (3/6) D:8
  Swamp (0/4) Lair:2
  Snake: Lair:2-4    Spider: Lair:2-4

Altars:
Cheibriados
Gozag
Hepliaklqana
Makhleb
Okawaru
Ru
Uskayaw
Xom
Zin

Shops:
D:4 *   D:5 =


Innate Abilities, Weirdness & Mutations

You reflexively headbutt those who attack you in melee.
You have a pair of horns on your head.
You have sharp toenails.
Your body sometimes deteriorates upon taking damage.
Your muscles are strong. (Str +2)


Message History

* * * LOW HITPOINT WARNING * * *
You sock the komodo dragon!
You feel better.
You headbutt the komodo dragon.
The komodo dragon is almost dead.
The komodo dragon bites you but does no damage.
You hit the komodo dragon.
You claw the komodo dragon, but do no damage.
Your headbutt misses the komodo dragon.
The komodo dragon is almost dead.
The komodo dragon barely misses you.
You barely miss the komodo dragon. Your kick misses the komodo dragon.
The komodo dragon is almost dead.
The komodo dragon barely misses you.
You hit the komodo dragon but do no damage.
You claw the komodo dragon, but do no damage.
The komodo dragon is almost dead.
The komodo dragon completely misses you.
You closely miss the komodo dragon. Your headbutt misses the komodo dragon.
The komodo dragon is almost dead.
The komodo dragon closely misses you. The komodo dragon bites you!!
You die...

### ######
..#.######.#######.#..##
.......@l...............
##.....##..####.#....#P#
#..... #### ###....###
....... #......##.
..#.... ....#....l... .
#.... .... ##..D.P..
..... #... #.......
#PP... ##.. #.......
.##...#####.......


You could see a komodo dragon.

Vanquished Creatures
  Gastronok (Lair:2)
  3 hydras
  A two-headed ogre (D:8)
  Urug (Lair:2)
  Nergalle (Lair:2)
  The ghost of Drenieon the Spear-Bearer, a novice MfSk of Nemelex Xobeh (D:6)
  2 spiny frogs (Lair:3)
  7 komodo dragons
  2 hippogriffs
  7 yaks (Lair:2)
  The ghost of Setbun the Charmwright, an amateur GnSk (D:4)
  Grum (Lair:1)
  3 basilisks
  6 water moccasins
  2 sky beasts (D:7)
  2 porcupines (Lair:1)
  2 phantoms
  2 ogres
  A necrophage (D:7)
  An orc warrior (D:6)
  7 wolves
  2 centaurs
  6 crocodiles
  6 bullfrogs
  A gnoll sergeant (D:8)
  3 scorpions
  A howler monkey (D:6)
  A crimson imp (D:7)
  A quasit (D:8)
  A jelly (D:6)
  A bullfrog zombie (D:5)
  A centaur skeleton (D:5)
  An orc priest (D:5)
  4 hounds
  2 orc wizards
  Terence (D:2)
  3 iguanas
  8 worker ants
  A hound zombie (D:5)
  2 hound skeletons
  8 mummies (Ossuary)
  3 worker ant zombies
  Robin (D:2)
  6 gnolls
  9 adders
  A shadow imp (D:8)
  An ooze (D:1)
  An adder skeleton (D:4)
  3 worms
  2 dart slugs (D:1)
  5 leopard geckos
  5 orcs
  6 giant cockroaches
  4 hobgoblins
  6 jackals
  4 quokkas
  13 bats
  7 frilled lizards
  A giant cockroach zombie (D:6)
  A gnoll zombie (Ossuary)
  13 goblins
  2 hobgoblin zombies (Ossuary)
  8 kobolds
  A kobold zombie (Ossuary)
  4 orc zombies (Ossuary)
  10 rats
  A fungus (Lair:2)
  A plant (Lair:3)
227 creatures vanquished.

Vanquished Creatures (others)
  A fungus (Lair:3)
  A plant (Lair:3)
2 creatures vanquished.

Grand Total: 229 creatures vanquished

Notes
Turn   | Place    | Note
-------+----------+-------------------------------------------
     0 | D:1      | JeffiDaFish the Minotaur Fighter began the quest for the Orb.
     0 | D:1      | Reached XP level 1. HP: 19/19 MP: 0/0
   295 | D:1      | Reached XP level 2. HP: 27/27 MP: 1/1
   549 | D:1      | Reached XP level 3. HP: 33/33 MP: 2/2
   709 | D:1      | Gained mutation: Your muscles are strong. (Str +2) [potion of mutation]
   709 | D:1      | Gained mutation: Your body sometimes deteriorates upon taking damage. [potion of mutation]
   709 | D:1      | Gained mutation: You have sharp toenails. [potion of mutation]
  1011 | D:2      | Noticed Terence
  1013 | D:2      | Reached XP level 4. HP: 39/40 MP: 3/3
  1020 | D:2      | Killed Terence
  1085 | D:2      | Noticed Robin
  1096 | D:2      | Killed Robin
  1120 | D:2      | Reached XP level 5. HP: 37/47 MP: 4/4
  1302 | D:2      | Found a sacrificial altar of Ru.
  1350 | D:2      | Found a snail-covered altar of Cheibriados.
  1422 | D:2      | Reached skill level 5 in Shields
  1715 | D:2      | Found a glowing silver altar of Zin.
  1715 | D:2      | Found an opulent altar of Gozag.
  2134 | D:3      | Found a burning altar of Makhleb.
  2347 | D:4      | Found Ynibbiel's Assorted Antiques.
  2392 | D:4      | Reached XP level 6. HP: 52/53 MP: 5/5
  2436 | D:4      | Bought a potion of heal wounds for 125 gold pieces
  2464 | D:4      | Reached skill level 1 in Dodging
  2513 | D:4      | Found an iron altar of Okawaru.
  2549 | D:4      | Became a worshipper of Warmaster Okawaru
  2604 | D:4      | Reached skill level 5 in Axes
  3078 | D:4      | Noticed Setbun's ghost (amateur GnSk)
  3107 | D:4      | Killed Setbun's ghost
  3107 | D:4      | Reached skill level 5 in Fighting
  3107 | D:4      | Reached skill level 5 in Armour
  3307 | D:5      | Entered Level 5 of the Dungeon
  3314 | D:5      | Reached XP level 7. HP: 61/61 MP: 6/6
  3342 | D:5      | Reached * piety under Okawaru
  3646 | D:5      | Found Gygufet's Jewellery Shoppe.
  4221 | D:6      | Reached XP level 8. HP: 31/70 MP: 7/7
  4235 | D:6      | Noticed Drenieon's ghost (novice MfSk)
  4426 | D:6      | Killed Drenieon's ghost
  4426 | D:6      | Reached ** piety under Okawaru
  4634 | D:6      | Found a hide-covered altar of Uskayaw.
  4692 | D:6      | Found a sand-covered staircase.
  4700 | Ossuary  | Entered an ossuary
  5347 | D:6      | Found a staircase to the Ecumenical Temple.
  5520 | D:7      | Reached *** piety under Okawaru
  5544 | D:7      | Reached XP level 9. HP: 78/79 MP: 8/8
  5926 | D:7      | Found a shimmering altar of Xom.
  5927 | D:7      | Found a hazy altar of Hepliaklqana.
  5928 | D:7      | Noticed a spectral ugly thing
  6309 | D:8      | Found a staircase to the Lair.
  6455 | D:8      | Noticed a two-headed ogre
  6487 | D:8      | Killed a two-headed ogre
  6487 | D:8      | Reached **** piety under Okawaru
  7264 | Lair:1   | Entered Level 1 of the Lair of Beasts
  7330 | Lair:1   | Reached XP level 10. HP: 59/90 MP: 9/9
  7634 | Lair:1   | Reached ***** piety under Okawaru
  7741 | Lair:1   | Noticed Grum
  7753 | Lair:1   | Killed Grum
  8050 | Lair:2   | Received a gift from Okawaru
  8269 | Lair:2   | Noticed Urug
  8284 | Lair:2   | Killed Urug
  8284 | Lair:2   | Reached skill level 10 in Dodging
  8661 | Lair:2   | Received a gift from Okawaru
  8679 | Lair:2   | Received a gift from Okawaru
  8719 | Lair:2   | Noticed Nergalle
  8740 | Lair:2   | Killed Nergalle
  8747 | Lair:2   | Reached XP level 11. HP: 43/99 MP: 5/10
  8948 | Lair:2   | Noticed Gastronok
  8966 | Lair:2   | Killed Gastronok
  8966 | Lair:2   | Received a gift from Okawaru
  8966 | Lair:2   | Reached skill level 10 in Fighting
  8966 | Lair:2   | Reached skill level 10 in Axes
  8966 | Lair:2   | Reached skill level 10 in Armour
  8966 | Lair:2   | Reached skill level 1 in Invocations
  9399 | Lair:2   | Noticed an eight-headed hydra
  9407 | Lair:2   | Killed an eight-headed hydra
  9483 | Lair:2   | Found a staircase to the Swamp.
  9775 | Lair:3   | Noticed a five-headed hydra
  9784 | Lair:3   | Killed a five-headed hydra
  9873 | Lair:3   | Reached ****** piety under Okawaru
  9945 | Lair:3   | Noticed an eight-headed hydra
  9982 | Lair:3   | Got a polished flail
  9989 | Lair:3   | Identified the +3 flail of Megalomania {vamp, MR+ Int+3} (You found it on level 3 of the Lair of Beasts)
 10018 | Lair:3   | HP: 5/101 [eight-headed hydra (9)]
 10021 | Lair:3   | Killed an eight-headed hydra
 10031 | Lair:3   | Slain by a komodo dragon

Skill      XL: |  1  2  3  4  5  6  7  8  9 10 11 |
---------------+----------------------------------+-----
Fighting       | 4 5 7 8 9 10 | 10.9
Armour         | 4 5 7 8 9 10 | 10.9
Shields        | 4 5 |  5.4
Axes           | 3 4 5 6 7 8 9 11 | 11.0
Dodging        | 2 4 6 9 10 11 | 11.7
Invocations    | 4 |  4.0

Action                   |  1- 3 |  4- 6 |  7- 9 | 10-12 || total
-------------------------+-------+-------+-------+-------++-------
Melee: War axe           |    80 |   118 |   245 |   196 ||   639
       Headbutt          |     8 |    13 |    57 |    62 ||   140
       Kick              |     5 |    33 |    73 |    82 ||   193
       Flail             |       |       |       |    48 ||    48
Invok: Finesse           |       |       |       |     2 ||     2
  Use: Scroll            |     6 |     2 |     6 |     3 ||    17
       Potion            |     3 |     4 |    11 |     4 ||    22
  Eat: Chunk             |       |     6 |    10 |     7 ||    23
       Ration            |       |       |     1 |     3 ||     4
Armor: Scale mail        |    38 |     1 |       |       ||    39
       Chain mail        |       |    39 |   117 |    11 ||   167
       Pearl dragon scal |       |       |       |    98 ||    98
Dodge: Dodged            |    17 |    25 |   136 |   196 ||   374
Block: Shield            |    49 |    57 |       |       ||   106
       Buckler           |       |     6 |    44 |    58 ||   108
